 Dungeon Crawl Stone Soup version 0.25-a0-829-g4e6a552925 (webtiles) character file.

Game seed: 6667416246561562106, levelgen mode: deterministic

862 DavidChitty2 the Chopper (level 8, -1/70 HPs)
             Began as a Hill Orc Fighter on Apr 21, 2020.
             Slain by Dowan
             ... wielding a +2 dagger of electrocution
              (18 damage)
             ... on level 4 of the Dungeon.
             The game lasted 00:05:31 (3510 turns).

DavidChitty2 the Chopper (Hill Orc Fighter)         Turns: 3510, Time: 00:05:32

Health: -1/70      AC: 15    Str: 21    XL:     8   Next: 2%
Magic:  8/8        EV:  6    Int:  8    God:
Gold:   143        SH: 10    Dex: 10    Spells: 7/7 levels left

rFire    . . .     SeeInvis .   a - +0 war axe
rCold    . . .     Gourm    .   c - +0 kite shield
rNeg     . . .     Faith    .   s - +0 chain mail
rPois    .         Spirit   .   h - +1 helmet
rElec    .         Reflect  .   l - +2 cloak
rCorr    .         Harm     .   (no gloves)
MR       .....                  (no boots)
Stlth    ..........             o - amulet of the acrobat
HPRegen  0.21/turn              (no ring)
MPRegen  0.11/turn              (no ring)

@: no status effects
A: no striking features
a: no special abilities


You were on level 4 of the Dungeon.
You were not hungry.

You visited 1 branch of the dungeon, and saw 4 of its levels.
You also visited: Sewer.

You collected 143 gold pieces.

Inventory:

Hand Weapons
 a - a +0 war axe (weapon)
 b - a +0 whip of freezing
   (You took it off Pikel on level 4 of the Dungeon)
Armour
 c - a +0 kite shield (worn)
 h - a +1 helmet (worn)
   (You took it off Robin on level 2 of the Dungeon)
 l - a +2 cloak (worn)
   (You found it on level 2 of the Dungeon)
 s - a +0 chain mail (worn)
   (You took it off an orc on level 3 of the Dungeon)
Jewellery
 o - an amulet of the acrobat (around neck)
   (You took it off an orc on level 3 of the Dungeon)
Scrolls
 p - 3 scrolls of teleportation {@r4}
Potions
 d - 2 potions of might
 f - a potion of cancellation {unknown}
 i - 3 potions of haste {@q3}
 j - 3 potions of mutation {unknown}
 m - 5 potions of curing {@q1}
 n - a potion of berserk rage
 q - a potion of brilliance
Comestibles
 e - 7 rations {!d}
 r - 5 chunks of flesh


   Skills:
 + Level 5.9 Fighting
 * Level 7.7 Axes
 + Level 5.4 Armour
 + Level 5.3 Shields


You had 7 spell levels left.
You didn't know any spells.
Your spell library was empty.

Dungeon Overview and Level Annotations

Branches:
Dungeon (4/15)              Sewer (visited)
 Temple: D:4-7

Altars:

Annotations:
D:4 Dowan


Message History

Duvessa hits you with a cursed +0 short sword.
The freed slave hits Duvessa.
You block Duvessa's attack.
The freed slave barely misses Duvessa.
You hit Duvessa.
Your chain mail prevents you from hitting Dowan.
Duvessa says, "My weaknesses are his strengths!"
Duvessa hits you with a cursed +0 short sword.
Dowan says, "Magic and the sword, together, will defeat you."
You block Dowan's attack.
The freed slave closely misses Duvessa.
Duvessa hits you but does no damage.
Your shield prevents you from hitting Duvessa.
You miss Dowan. Duvessa barely misses you. You block Dowan's attack.
The freed slave hits Duvessa.
Your chain mail prevents you from hitting Duvessa.
You hit Dowan.
Duvessa hits you with a cursed +0 short sword.
Dowan hits you but does no damage.
You are electrocuted!
You block Duvessa's attack.
The freed slave hits Duvessa.
You slash Duvessa! You closely miss Dowan. You block Duvessa's attack.
Dowan hits you but does no damage.
You are electrocuted!
* * * LOW HITPOINT WARNING * * *
The freed slave hits Duvessa.
Duvessa drinks a potion.
Duvessa is healed!
You hit Duvessa. You closely miss Dowan. Dowan casts a spell at you.
You resist with some effort. Duvessa hits you but does no damage.
The freed slave hits Duvessa!
Dowan hits you but does no damage. Duvessa hits you but does no damage.
You slash Duvessa! You hit Dowan.
The freed slave hits Duvessa!
Duvessa hits you but does no damage.
Dowan gestures wildly while chanting.
Dowan blinks!
The freed slave closely misses Duvessa.
You hit Duvessa.
You kill Duvessa!
Dowan screams, "No!
No!"
Dowan seems to find hidden reserves of power!
You have reached level 8!
Dowan gestures wildly while chanting.
Dowan blinks!
You block Dowan's attack.
A worker ant comes into view.
The worker ant twitches its antennae in your direction.
Dowan closely misses you.
You closely miss Dowan. Dowan hits you but does no damage. x2
You are electrocuted!
* * * LOW HITPOINT WARNING * * *
You slash Dowan! Dowan hits you but does no damage.
You are electrocuted!!
You die...

#...#########
#.............
#.............
#.............
#.##.######.............
.(#...........)......a..
...........p.....$......
.......#........e.......
................@.......
........####...†........
......p.................
.........##..#..........
##.......##..#..........
.................#######
###..........##..#
#...÷...>#.##..#
###.)##..........##


You could see Dowan, a worker ant and a neutral freed slave (wandering).

Vanquished Creatures
  Pikel (D:4)
  Duvessa (D:4)
  A scorpion (D:4)
  An iguana (D:4)
  2 orc wizards (D:3)
  Robin (D:2)
  3 gnolls (D:2)
  4 adders
  5 river rats
  An ooze (D:4)
  2 worms (D:3)
  2 dart slugs
  16 orcs
  7 ball pythons
  4 giant cockroaches
  16 goblins
  7 hobgoblins
  2 quokkas (D:4)
  6 bats
  8 frilled lizards
  8 kobolds
  2 quokka skeletons (D:4)
  16 rats
116 creatures vanquished.

Vanquished Creatures (others)
  A slave (D:4)
  A worker ant (D:4)
2 creatures vanquished.

Grand Total: 118 creatures vanquished

Notes
Turn   | Place    | Note
-------+----------+-------------------------------------------
     0 | D:1      | DavidChitty2 the Hill Orc Fighter began the quest for the
                  | Orb.
     0 | D:1      | Reached XP level 1. HP: 19/19 MP: 1/1
    59 | D:1      | Reached skill level 3 in Axes
    71 | D:1      | Reached XP level 2. HP: 26/27 MP: 2/2
   540 | D:1      | Reached XP level 3. HP: 33/33 MP: 3/3
   779 | D:2      | Reached skill level 4 in Axes
   784 | D:2      | Reached XP level 4. HP: 24/40 MP: 4/4
  1064 | D:2      | Noticed Robin
  1093 | D:2      | Killed Robin
  1693 | D:3      | Reached XP level 5. HP: 47/47 MP: 5/5
  1758 | D:3      | Found a glowing drain.
  1764 | Sewer    | Entered a sewer
  1805 | Sewer    | Reached skill level 5 in Axes
  2493 | D:3      | Reached XP level 6. HP: 31/53 MP: 6/6
  3338 | D:4      | Noticed a slave
  3339 | D:4      | Noticed Pikel
  3342 | D:4      | Noticed a slave
  3343 | D:4      | Noticed a slave
  3343 | D:4      | Noticed a slave
  3366 | D:4      | Killed Pikel
  3366 | D:4      | Reached skill level 5 in Fighting
  3366 | D:4      | Reached skill level 7 in Axes
  3366 | D:4      | Reached skill level 5 in Armour
  3366 | D:4      | Reached skill level 5 in Shields
  3366 | D:4      | Reached XP level 7. HP: 36/62 MP: 7/7
  3488 | D:4      | Noticed Duvessa
  3489 | D:4      | Noticed Dowan
  3504 | D:4      | Killed Duvessa
  3504 | D:4      | Reached XP level 8. HP: 32/70 MP: 8/8
  3510 | D:4      | Slain by Dowan

Levels and vault maps discovered:
D:1:      saegor_arrival_under_anarchy, layout_basic, chequers_avenue,
          serial_bayou_lake_a
D:2:      layout_loops_ring, palyth_stone_intersect, uniq_robin
D:3:      layout_loops_ring, lightli_sewer_entry_pipes
D:4:      layout_rooms, first_ration, uniq_sigmund, uniq_pikel, uniq_duvessa

Skill      XL: |  1  2  3  4  5  6 |
---------------+-------------------+-----
Axes           | 3 4 5 7 |  7.7
Fighting       | 4 5 |  5.9
Armour         | 4 5 |  5.4
Shields        | 4 5 |  5.3

Action                   |  1- 3 |  4- 6 |  7- 9 || total
-------------------------+-------+-------+-------++-------
Melee: War axe           |   107 |   270 |    40 ||   417
  Use: Scroll            |     4 |     9 |       ||    13
       Potion            |       |     1 |       ||     1
  Eat: Chunk             |       |     9 |     1 ||    10
Armor: Scale mail        |    43 |    67 |       ||   110
       Chain mail        |       |    33 |    22 ||    55
Dodge: Dodged            |    39 |    70 |     3 ||   112
Block: Kite shield       |    60 |   136 |    26 ||   222

Table legend:
 A = Non-vault XP
 B = Vault XP
 C = Vault XP percentage of total XP
 D = Non-vault monster count
 E = Vault monster count
 F = Vault count percentage of total count
                 A         B        C        D         E       F
            +---------+---------+-------+---------+---------+-------
      Total |     345 |     887 |  72.0 |      79 |      37 |  31.9
            +---------+---------+-------+---------+---------+-------
        D:1 |      38 |       0 |   0.0 |      25 |       0 |   0.0
        D:2 |      62 |      34 |  35.4 |      14 |      11 |  44.0
        D:3 |     145 |      51 |  26.0 |      26 |       6 |  18.8
        D:4 |     100 |     731 |  88.0 |      14 |       2 |  12.5
      Sewer |       0 |      71 | 100.0 |       0 |      18 | 100.0
            +---------+---------+-------+---------+---------+-------
